 Dungeon Crawl Stone Soup version 0.30-b1-2-g02819fbbbe (webtiles) character file.

Game seed: 18328661353554055368

290 manyhoops the Chiller (level 5, -11/38 HPs)
             Began as a Demigod Ice Elementalist on Nov 17, 2023.
             Mangled by Menkaure (15 damage)
             ... on level 5 of the Dungeon.
             The game lasted 00:08:00 (5103 turns).

manyhoops the Chiller (Demigod Ice Elementalist)    Turns: 5103, Time: 00:08:01

Health: -11/38     AC:  3    Str:  7 (9)  XL:     5   Next: 83%
Magic:  12/14      EV: 11    Int: 18 (21) God:
Gold:   239        SH:  0    Dex: 11 (14) Spells: 1/12 levels left

rFire   . . .        e - +2 dagger (venom)
rCold   + . .        (no shield)
rNeg    . . .        q - +0 leather armour
rPois   .            (no helmet)
rElec   .            (no cloak)
rCorr   .            (no gloves)
SInv    .            (no boots)
Will    .....        (no amulet)
Stlth   +            l - ring of protection from cold
HPRegen 0.26/turn    (no ring)
MPRegen 0.14/turn

%: no passive effects
@: no status effects
A: high MP 1, forlorn, divine attributes
a: no special abilities


You were on level 5 of the Dungeon.
You visited 1 branch of the dungeon, and saw 5 of its levels.

You collected 239 gold pieces.

Inventory:

Hand Weapons
 e - a +2 dagger of venom (weapon)
Armour
 q - a +0 leather armour (worn)
Jewellery
 l - a ring of protection from cold (left hand)
Scrolls
 c - 2 scrolls of poison
 d - a scroll of identify {unknown}
 g - a scroll of fear {unknown}
 i - a scroll of enchant armour {unknown}
 k - a scroll of magic mapping
 n - a scroll of torment {unknown}
 o - a scroll of teleportation {unknown}
 p - a scroll of amnesia {unknown}
 s - a scroll of fog {unknown}
Potions
 h - a potion of attraction
 t - a potion of brilliance {unknown}


   Skills:
 - Level 1.7 Dodging
 - Level 1.7 Stealth
 - Level 4.0 Spellcasting
 - Level 5.4 Ice Magic


You had one spell level left.
You knew the following spells:

 Your Spells              Type           Power      Damage    Failure   Level
a - Freeze                Ice            92%        1d9       2%          1
b - Frozen Ramparts       Ice            46%        1d7       7%          3
c - Ozocubu's Armour      Ice            23%        N/A       7%          3
d - Summon Ice Beast      Ice/Summ       13%        N/A       58%         4

Your spell library contained the following spells:

 Spells                   Type           Power      Damage    Failure   Level
 Kiss of Death            Conj/Necr      12%        2d6       22%         1
 Confusing Touch          Hex            3%         N/A       54%         3
 Dispel Undead            Necr           3%         3d7       91%         4


Dungeon Overview and Level Annotations

Branches:
Dungeon (5/15)             Temple (0/1) D:4

Annotations:
D:3 2 transporters
D:5 Menkaure


Innate Abilities, Weirdness & Mutations

You have an increased reservoir of magic. (+10% MP)
You shall have no god before yourself.
Your divine heritage dramatically boosts your attributes as you level up.


Message History

Casting: Freeze (safe; 2% risk of failure)
Confirm with . or Enter, or press ? or * to list all spells.
Aiming: Freeze (safe; 2% risk of failure)
Press: ? - help, Shift-Dir - straight line, f/p - Menkaure
Aim: Menkaure (severely damaged, fast)
You freeze Menkaure.
Menkaure resists.
Menkaure is almost destroyed.
Menkaure casts a spell at you.
You struggle to resist.
Magic courses through your body.
Menkaure calls on the powers of darkness!
Your body is wracked with pain!
* * * LOW HITPOINT WARNING * * *
Unknown command.
Casting: Freeze (safe; 2% risk of failure)
Confirm with . or Enter, or press ? or * to list all spells.
Aiming: Freeze (safe; 2% risk of failure)
Press: ? - help, Shift-Dir - straight line, f/p - Menkaure
Aim: Menkaure (almost destroyed, fast)
You freeze Menkaure.
Menkaure resists.
Menkaure is almost destroyed.
Menkaure is no longer moving quickly.
Menkaure calls on the powers of darkness!
Your body is wracked with pain!
* * * LOW HITPOINT WARNING * * *
Menkaure mumbles some strange words.
Menkaure seems to speed up.
Casting: Freeze (safe; 2% risk of failure)
Confirm with . or Enter, or press ? or * to list all spells.
You don't know that spell.
Sorry, you're not good enough to have a special ability.
Casting: Freeze (safe; 2% risk of failure)
Confirm with . or Enter, or press ? or * to list all spells.
Aiming: Freeze (safe; 2% risk of failure)
Press: ? - help, Shift-Dir - straight line, f/p - Menkaure
Aim: Menkaure (almost destroyed, fast)
You freeze Menkaure.
Menkaure resists.
Menkaure is almost destroyed.
Menkaure hits you!
You die...

#...# ##.## #.# #.#
##.## ##..M##
##.#.#.## #.#..##M#
##..##@## ##.#.##
##### #..##
##...###.####...
##.....#........#
#####.M......##.##..#
#..ยง.........# ...
#.###[.......# ##..
#.# ##.....#.... ##


You could see Menkaure (fast).

Vanquished Creatures
  A sleepcap (D:4)
  4 orc wizards (D:4)
  Natasha (thrice) (D:3)
  2 adders
  A worm (D:4)
  2 dart slugs
  3 orcs (D:4)
  4 bats
  4 endoplasms
  4 giant cockroaches
  7 goblins
  4 hobgoblins
  3 jackals (D:4)
  5 quokkas
  7 ball pythons
  4 frilled lizards
  5 kobolds
  5 rats
68 creatures vanquished.

Vanquished Creatures (others)
  5 plants (D:1)
5 creatures vanquished.

Grand Total: 73 creatures vanquished

Notes
Turn   | Place    | Note
-------+----------+-------------------------------------------
     0 | D:1      | manyhoops the Demigod Ice Elementalist began the quest for
                  | the Orb.
     0 | D:1      | Reached XP level 1. HP: 14/14 MP: 5/5
   282 | D:1      | Reached skill level 4 in Ice Magic
   286 | D:1      | Reached XP level 2. HP: 20/20 MP: 2/7
  1385 | D:2      | Reached XP level 3. HP: 17/26 MP: 3/9
  1389 | D:2      | Learned a level 3 spell: Frozen Ramparts
  2063 | D:3      | Found a transporter.
  2186 | D:3      | Found a transporter.
  2187 | D:3      | Noticed a sky beast
  2207 | D:3      | Noticed Natasha
  2213 | D:3      | Killed Natasha
  2214 | D:3      | Reached XP level 4. HP: 32/33 MP: 5/11
  2983 | D:3      | Noticed Natasha
  2988 | D:3      | Killed Natasha
  3539 | D:4      | Reached skill level 5 in Ice Magic
  3539 | D:4      | Reached XP level 5. HP: 38/38 MP: 6/13
  3624 | D:4      | Found a staircase to the Ecumenical Temple.
  4533 | D:3      | Noticed Natasha
  4538 | D:3      | Killed Natasha
  5014 | D:5      | Entered Level 5 of the Dungeon
  5019 | D:5      | Learned a level 3 spell: Ozocubu's Armour
  5024 | D:5      | Learned a level 4 spell: Summon Ice Beast
  5057 | D:5      | Noticed Menkaure
  5065 | D:5      | HP: 1/38 [Menkaure (20)]
  5071 | D:5      | HP: 1/38 [Menkaure (8)]
  5103 | D:5      | Mangled by Menkaure

Illustrated notes

Levels and vault maps discovered:
D:1:      dpeg_arrival_radiant, layout_loops_ring, serial_bayou,
          serial_bayou_lake_a, serial_bayou_lagoon_b, serial_bayou_pond_b,
          serial_bayou_crossing, serial_bayou_pond_c, serial_bayou_pond_c
D:2:      layout_loops_cross, basic_altar
D:3:      layout_basic, gammafunk_temple_overflow_arena,
          mainiacjoe_overflow_six_doors_small,
          nicolae_overflow_ecumenical_swirl, grunt_decor_resistance,
          chequers_serial_rivers_micro_c, uniq_natasha
D:4:      layout_gridville, minmay_temple_entry_arrows
D:5:      layout_loops_cross, makhleb_blood_cavern_becter, lemuel_crystal_altar,
          serial_shops, nicolae_stop_n_shop_1,
          nicolae_shop_pleasant_corner_grove, kennysheep_mini_moat,
          portal_sewer_entry_a, uniq_menkaure, uniq_edmund

Skill      XL: |  1  2  3  4  5 |
---------------+----------------+-----
Ice Magic      | 4 5 |  5.4
Spellcasting   | 2 3 4 |  4.0
Dodging        | |  1.7
Stealth        | |  1.7

Action                     |  1- 3 |  4- 6 || total
---------------------------+-------+-------++-------
  Melee: Unarmed           |    21 |       ||    21
         Dagger            |     4 |    19 ||    23
   Cast: Freeze            |    70 |    50 ||   120
         Frozen Ramparts   |       |     7 ||     7
         Summon Ice Beast  |       |     1 ||     1
    Use: Potion            |       |     6 ||     6
         Scroll            |       |     4 ||     4
 Armour: Robe              |    12 |     1 ||    13
         Leather armour    |       |     6 ||     6
  Dodge: Dodged            |    47 |    37 ||    84
